 Dungeon Crawl Stone Soup version 0.31-a0-1-g4198be8af4 (webtiles) character file.

Game seed: 16103534877760673436

278 cheesebisquit the Chiller (level 6, 0/70 HPs)
             Began as a Merfolk Ice Elementalist on May 2, 2023.
             Slain by Grinder (6 damage)
             ... on level 4 of the Dungeon.
             The game lasted 00:10:34 (3220 turns).

cheesebisquit the Chiller (MfIE)                    Turns: 3220, Time: 00:10:35

Health: 0/70       AC: 29    Str:  8    XL:     6   Next: 26%
Magic:  2/9        EV:  2    Int: 16    God:
Gold:   257        SH:  0    Dex: 15    Spells: 2/9 levels left

rFire   . . .        (no weapon)
rCold   . . .        (no shield)
rNeg    . . .        a - melded +1 robe
rPois   +            k - melded +1 helmet
rElec   .            (cloak currently unavailable)
rCorr   .            e - melded +1 pair of gloves
SInv    .            g - melded +1 pair of boots
Will    .....        (no amulet)
Stlth   ++           (no ring)
HPRegen 0.31/turn    (no ring)
MPRegen 0.11/turn

%: no passive effects
@: brilliant, ice-armoured, tree-form
A: stationary, stasis, torment immunity, boosted hp, (nimble swimmer 2),
(mertail)
a: no special abilities


You were on level 4 of the Dungeon.
You were a tree.
You visited 1 branch of the dungeon, and saw 4 of its levels.

You collected 257 gold pieces.

Inventory:

Hand Weapons
 c - a +0 short sword
 w - a +0 war axe
 y - a +1 vampiric rapier
Missiles
 f - 16 poisoned darts
Armour
 a - a +1 robe (melded)
 e - a +1 pair of gloves (melded)
 g - a +1 pair of boots (melded)
 k - a +1 helmet (melded)
Jewellery
 m - an amulet of guardian spirit
Wands
 s - a wand of roots (6)
Scrolls
 h - a scroll of torment {unknown}
 i - a scroll of teleportation
 j - a scroll of fog {unknown}
 t - a scroll of enchant weapon {unknown}
 u - a scroll of amnesia
Potions
 d - 3 potions of curing
 o - 2 potions of lignification
 q - 2 potions of attraction
 r - a potion of flight {unknown}
 x - a potion of might {unknown}


   Skills:
 + Level 3.2 Fighting
 + Level 4.3 Dodging
 - Level 2.1 Stealth
 - Level 2.0 Spellcasting
 + Level 6.6 Ice Magic


You had 2 spell levels left.
You knew the following spells:

 Your Spells              Type           Power      Damage    Failure   Level
a - Freeze                Ice            100%       1d10      1%          1
x - Frozen Ramparts       Ice            68%        1d11      4%          3
z - Ozocubu's Armour      Ice            34%        N/A       4%          3

Your spell library contained the following spells:

 Spells                   Type           Power      Damage    Failure   Level
 Summon Ice Beast         Ice/Summ       18%        N/A       47%         4
 Gell's Gravitas          Tloc           2%         N/A       52%         3
 Inner Flame              Hex/Fire       2%         N/A       52%         3
 Teleport Other           Tloc           2%         N/A       52%         3
 Tukima's Dance           Hex            2%         N/A       52%         3
 Flame Wave               Conj/Fire      2%         2d4       90%         4
 Passage of Golubria      Tloc           2%         N/A       90%         4
 Sticky Flame             Conj/Fire      2%         2d3       90%         4
 Yara's Violent Unravell  Hex/Tmut       1%         3d3       99%         5
 Dispersal                Tloc           1%         N/A       100%        6
 Malign Gateway           Summ/Tloc      1%         N/A       100%        7
 Summon Horrible Things   Summ           1%         N/A       100%        8


Dungeon Overview and Level Annotations

Branches:
Dungeon (4/15)
 Temple: D:4-7

Altars:

Annotations:
D:4 Grinder


Innate Abilities, Weirdness & Mutations

You are a tree.
Your roots penetrate the ground, keeping you stationary.
You cannot be teleported.
You are immune to unholy pain and torment.
Your maximum health is greatly increased.
Your equipment is partially melded.
((You are very nimble when in or above water. (Stealth+, EV+, Speed+++)))
((Your lower body shifts to a powerful aquatic tail in water.))


Message History

Grinder is heavily wounded.
Grinder hits you but does no damage.
You hit Grinder.
Grinder is heavily wounded.
Grinder hits you but does no damage.
You barely miss Grinder.
Grinder is heavily wounded.
Grinder hits you.
You writhe in agony.
Grinder gestures at you. Pain shoots through your body!
* * * LOW HITPOINT WARNING * * *
Really quaff the potion of lignification?
You turn into a tree.
Your +1 helmet melds into your body.
Your +1 pair of gloves melds into your body.
Your +1 pair of boots melds into your body.
Your +1 robe melds into your body.
Your roots penetrate the ground.
Grinder hits you but does no damage.
You feel the dreadful sensation subside.
You are now empty-handed.
You barely miss Grinder.
Grinder is heavily wounded.
Grinder hits you.
* * * LOW HITPOINT WARNING * * *
You writhe in agony.
* * * LOW HITPOINT WARNING * * *
You barely miss Grinder.
Grinder is heavily wounded.
Grinder hits you but does no damage.
You hit the adder.
The adder is lightly wounded.
The adder bites you but does no damage. Grinder hits you but does no damage.
You smack the adder!
You kill the adder!
Grinder hits you but does no damage.
You closely miss Grinder. You punch Grinder.
Grinder is heavily wounded.
Grinder hits you.
* * * LOW HITPOINT WARNING * * *
You writhe in agony.
You die...

....##..(##.####..###.#.......#
....#..≈..#.#
##††##.#..#.......
..#.#.≈~~.#.# ##....#..#..####.
....#.≈≈~.#.# ##)........#
....#.~~~.#.# ###..##.........
..#.#..~..#.# #.))#...........
..#.##...##.####.###...........
.....#...#.....#.###.......)...
.....##.##..##.5♣...$.......##.
......#.#......#.###........#
.............##..# #.........
.............##.## .......
............###. ......#.#...#
#. ...).##.##...##. ###..#...
.....# #.##...##..#.


You could see Grinder.

Vanquished Creatures
  2 scorpions (D:4)
  A hound (D:4)
  6 adders
  2 white imps (D:4)
  2 worms
  4 orcs
  A ball python (D:2)
  3 bats
  5 endoplasms
  2 giant cockroaches
  2 goblins (D:1)
  5 hobgoblins
  2 jackals (D:1)
  6 quokkas
  A frilled lizard (D:2)
  8 kobolds
  4 rats (D:3)
56 creatures vanquished.

Notes
Turn   | Place    | Note
-------+----------+-------------------------------------------
     0 | D:1      | cheesebisquit the Merfolk Ice Elementalist began the quest
                  | for the Orb.
     0 | D:1      | Reached XP level 1. HP: 13/13 MP: 3/3
   229 | D:1      | Reached XP level 2. HP: 19/19 MP: 3/5
   351 | D:1      | Reached skill level 5 in Ice Magic
   841 | D:2      | Reached XP level 3. HP: 17/24 MP: 1/6
   899 | D:2      | Learned a level 3 spell: Frozen Ramparts
  1186 | D:2      | Reached skill level 1 in Fighting
  1186 | D:2      | Reached XP level 4. HP: 32/32 MP: 4/7
  2109 | D:3      | Learned a level 3 spell: Ozocubu's Armour
  2565 | D:4      | Noticed Grinder
  2609 | D:4      | Noticed a scorpion
  2619 | D:3      | Reached skill level 6 in Ice Magic
  2784 | D:4      | Reached XP level 5. HP: 36/38 MP: 3/8
  2987 | D:4      | Reached XP level 6. HP: 33/47 MP: 4/9
  3220 | D:4      | Slain by Grinder

Illustrated notes

Levels and vault maps discovered:
D:1:      zaba_arrival_water, layout_rooms
D:2:      layout_basic
D:3:      layout_basic, serial_forest, infiniplex_forest_clump_cross,
          infiniplex_forest_end_1, infiniplex_forest_lined_room_3,
          infiniplex_forest_end_2, infiniplex_forest_lined_room_3,
          infiniplex_forest_straight_2, infiniplex_forest_straight_2,
          serial_bayou_pond_d
D:4:      layout_rooms, minmay_fire_ice_demons, uniq_grinder

Skill      XL: |  1  2  3  4  5 |
---------------+----------------+-----
Ice Magic      | 5 6 |  6.6
Fighting       | 1 2 3 |  3.2
Dodging        | 3 4 |  4.3
Stealth        | |  2.1
Spellcasting   | |  2.0

Action                     |  1- 3 |  4- 6 || total
---------------------------+-------+-------++-------
  Melee: Unarmed           |     5 |     5 ||    10
         Short sword       |     4 |       ||     4
         Rapier            |       |    26 ||    26
         Punch             |       |     1 ||     1
   Cast: Freeze            |    39 |    58 ||    97
         Frozen Ramparts   |     2 |     3 ||     5
         Ozocubu's Armour  |       |     1 ||     1
    Use: Potion            |       |     4 ||     4
         Scroll            |       |    10 ||    10
 Armour: Robe              |     7 |    17 ||    24
         Skin              |       |     5 ||     5
  Dodge: Dodged            |    21 |    47 ||    68

Table legend: (Time is in decaauts)
 A = Elapsed time spent in this place.
 B = Non-inter-level travel time spent in this place.
 C = Inter-level travel time spent in this place.
 D = Time resting spent in this place.
 E = Time spent auto-exploring this place.
 F = Levels seen in this place.
 G = Mean time per level.
                   A        B        C        D        E       F      G
               +--------+--------+--------+--------+--------+-----+--------+
         Total |   3215 |   3049 |    166 |     45 |   2455 |   4 |  803.8 |
       Dungeon |   3215 |   3049 |    166 |     45 |   2455 |   4 |  803.8 |
               +--------+--------+--------+--------+--------+-----+--------+

Top non-repeatable levels by time:
     D:3: 1080 daAuts
     D:1: 819 daAuts
     D:2: 795 daAuts
     D:4: 521 daAuts
